AoeStats
← descof

Golden Pit

509623561Analyzed
1v1 RM · 4d ago on Sep 27, 2026· 29m 50s· 2 players
Game mode
Random Map
Map size
Tiny (2 player)
Population
200
Speed
Normal
Resources
Standard
Victory
Conquest
Starting age
Dark Age
Ending age
Imperial Age
RankedLock teamsTeams togetherTeam positionsShared explorationLock speedFull tech treeHidden civsTurbo modeCheats
Victory
Defeat
🇨🇳 Ethiopians · China
1327
+14
🇫🇷 Wei · France
1283
-14
不残血不会玩
6:30 Loom
9:14 Feudal Age
9:47 Double-Bit Axe
10:08 Horse Collar
20:28 Castle Age
18:43 Fletching
19:27 Padded Archer Armor
20:36 Crossbowman
21:14 Bodkin Arrow
23:17 Bow Saw
23:50 Heavy Plow
25:55 Leather Archer Armor
28:41 Wheelbarrow
descof
4:54 Loom
6:05 Loom
10:09 Feudal Age
11:45 Double-Bit Axe
17:01 Horse Collar
19:58 Castle Age
19:37 Scale Barding Armor
20:09 Fletching
21:25 Bloodlines
23:02 Husbandry
26:30 Bow Saw
27:51 Wheelbarrow
Connection lost

Rejoining the realm…

Still unreachable

The connection could not be restored.

Session expired

The server has moved on; the page needs a fresh start.